 Dungeon Crawl Stone Soup version 0.28.0-43-g3370ac3207 (webtiles) character file.

Game seed: 15582866342810300042

9616 Zeld the Arsonist (level 11, 0/56 HPs)
             Began as a Deep Elf Fire Elementalist on Mar 12, 2022.
             Was a Priest of Vehumet.
             Killed from afar by a gargoyle (19 damage)
             ... with a stone arrow
             ... on level 11 of the Dungeon.
             The game lasted 00:16:55 (13844 turns).

Zeld the Arsonist (Deep Elf Fire Elementalist)     Turns: 13844, Time: 00:16:56

Health: 0/56       AC:  8    Str:  5    XL:     11   Next: 25%
Magic:  20/29      EV: 13    Int: 25    God:    Vehumet [***...]
Gold:   961        SH:  0    Dex: 17    Spells: 27/34 levels left

rFire   . . .      SeeInvis +   a - +4 long sword (freeze)
rCold   . . .      Faith    .   (no shield)
rNeg    . . .      Spirit   .   x - +1 leather armour of Zyx Nijo {+Inv rPois Dex+2 SInv}
rPois   +          Reflect  .   k - +0 helmet
rElec   .          Harm     .   q - +0 cloak
rCorr   +          Rampage  .   w - +0 pair of gloves
Will    +....                   o - +0 pair of boots
Stlth   +++.......              (no amulet)
HPRegen 0.18/turn               h - ring of wizardry
MPRegen 0.21/turn               b - ring of resist corrosion

@: no status effects
A: no striking features
a: Renounce Religion, Evoke Invisibility


You were on level 11 of the Dungeon.
You worshipped Vehumet.
Vehumet was most pleased with you.
You visited 2 branches of the dungeon, and saw 12 of its levels.
You also visited: Sewer.

You collected 961 gold pieces.

Inventory:

Hand Weapons
 a - a +4 long sword of freezing (weapon)
Armour
 k - a +0 helmet (worn)
 o - a +0 pair of boots (worn)
 q - a +0 cloak (worn)
 w - a +0 pair of gloves (worn)
 x - the +1 leather armour of Zyx Nijo (worn) {+Inv rPois Dex+2 SInv}
   (You took it off an orc on level 5 of the Dungeon)

   Dex:       It affects your dexterity (+2).
   rPois:     It protects you from poison.
   SInv:      It lets you see invisible.
   +Inv:      It lets you turn invisible.
Jewellery
 b - a ring of resist corrosion (right hand)
 h - a ring of wizardry (left hand)
 r - a ring of protection from cold
Wands
 y - a wand of charming (5)
 D - a wand of flame (57)
 E - a wand of acid (9)
Scrolls
 d - 8 scrolls of teleportation
 g - a scroll of enchant weapon
 m - 3 scrolls of blinking
 n - 5 scrolls of enchant armour
 z - a scroll of holy word
 F - a scroll of acquirement {unknown}
Potions
 c - 2 potions of might {unknown}
 e - 2 potions of cancellation
 f - 5 potions of attraction {unknown}
 i - a potion of mutation {unknown}
 j - a potion of magic {unknown}
 l - 12 potions of degeneration
 p - 2 potions of lignification {unknown}
 s - 2 potions of haste {unknown}
 t - 3 potions of curing
 u - a potion of flight
 v - a potion of berserk rage {unknown}
 A - a potion of ambrosia {unknown}
 B - a potion of resistance {unknown}
 C - 2 potions of heal wounds {unknown}


   Skills:
 + Level 1.4 Fighting
 * Level 1.7 Long Blades
 - Level 4.0 Dodging
 - Level 6.0 Stealth
 - Level 12.0 Spellcasting
 + Level 8.9 Conjurations
 * Level 12.9 Fire Magic
 + Level 1.9 Evocations


You had 27 spell levels left.
You knew the following spells:

 Your Spells              Type           Power      Damage    Failure   Level
a - Foxfire               Conj/Fire      100%       2x1d9     1%          1
b - Scorch                Fire           100%       2d10      1%          2
c - Flame Wave            Conj/Fire      62%        2d12      1%          4

Your spell library contained the following spells:

 Spells                   Type           Power      Damage    Failure   Level
 Static Discharge         Conj/Air       37%        N/A       1%          2
 Sandblast                Erth           30%        2d9       1%          1
 Shock                    Conj/Air       100%       1d9       1%          1
 Conjure Flame            Conj/Fire      62%        6-21      1%          3
 Inner Flame              Hex/Fire       47%        N/A       1%          3
 Stone Arrow              Conj/Erth      74%        3d11      1%          3
 Animate Skeleton         Necr           30%        N/A       2%          1
 Pain                     Necr           60%        1d7       2%          1
 Passwall                 Tmut/Erth      12%        N/A       4%          2
 Sublimation of Blood     Necr           15%        N/A       4%          2
 Wereblood                Tmut           15%        N/A       4%          2
 Airstrike                Air            7%         N/A       8%          4
 Swiftness                Air            15%        N/A       9%          3
 Tukima's Dance           Hex            15%        N/A       9%          3
 Vampiric Draining        Necr           15%        2d7       9%          3
 Anguish                  Hex/Necr       7%         N/A       26%         4
 Summon Ice Beast         Ice/Summ       15%        N/A       26%         4
 Summon Mana Viper        Hex/Summ       15%        N/A       56%         5
 Enfeeble                 Hex            7%         N/A       100%        7
 Monstrous Menagerie      Summ           7%         N/A       100%        7
 Summon Hydra             Summ           7%         N/A       100%        7


Dungeon Overview and Level Annotations

Branches:
Dungeon (11/15)            Temple (1/1) D:5             Orc (0/2) D:9
  Sewer (visited)
   Lair: D:8-11

Altars:
Ashenzari
Cheibriados
Dithmenos
Elyvilon
Fedhas
Hepliaklqana
Kikubaaqudgha
Makhleb
Nemelex Xobeh
Okawaru
Qazlal
Ru
Sif Muna
Trog
Uskayaw
Vehumet
Wu Jian
Xom
Yredelemnul
Zin
The Shining One

Shops:
D:3 (

Annotations:
D:9 exclusion: 2 doors
D:11 Fannar


Message History

A gargoyle comes into view. It is wielding a +0 mace.
A deep elf pyromancer comes into view. It is wielding a +0 rapier.
Casting: Scorch (safe; 1% risk of failure)
Confirm with . or Enter, or press ? or * to list all spells.
Flames lash the gargoyle but do no damage.
You hear an angry hiss.
Casting: Scorch (safe; 1% risk of failure)
Confirm with . or Enter, or press ? or * to list all spells.
Flames lash the deep elf pyromancer.
The deep elf pyromancer shouts!
The deep elf pyromancer is moderately wounded.
The deep elf pyromancer's fire resistance burns away.
A basilisk comes into view.
Casting: Scorch (safe; 1% risk of failure)
Confirm with . or Enter, or press ? or * to list all spells.
Casting: Flame Wave (safe; 1% risk of failure)
Press: ? - help, Dir - look around, f - activate A wave of flame ripples out!
The flame wave engulfs the gargoyle!
The gargoyle is severely damaged.
The flame wave engulfs the deep elf pyromancer!!
The deep elf pyromancer is burned terribly!
The deep elf pyromancer is severely wounded. (Press . to intensify the flame waves.)
You hear a bellow! x5
The deep elf pyromancer points at you and mumbles some strange words.
The bolt of fire hits you!!
Ouch! That really hurt!
The gargoyle hits you with a +0 mace!
A wave of flame ripples out!
The flame wave engulfs the gargoyle but does no damage.
The gargoyle is severely damaged.
The flame wave engulfs the deep elf pyromancer!!
The deep elf pyromancer is burned terribly!
You kill the deep elf pyromancer!
Vehumet accepts your kill.
You hear a bellow! x2
Fannar the Cold-Hearted comes into view.
They are wielding a +0 quarterstaff of freezing and wearing a +2 robe of cold resistance.
The gargoyle hurls a stone arrow at you.
The stone arrow hits you!!
You die...

#####. ##.....
....... ###
.......#####.....
.^.......<...#
.......#.#####
.......#.#####
.......9@....#
...l..^.)###.#
#..##.#......# #.
#.#.###..... .
.e. #### #####. .
..


You could see Fannar, a basilisk and a gargoyle.

Vanquished Creatures
  Pikel (D:3)
  A deep elf pyromancer (D:11)
  Maurice (D:8)
  Joseph (D:10)
  Psyche (D:8)
  2 trolls
  Prince Ribbit (D:5)
  Sigmund (D:5)
  A wraith (D:10)
  A shadow (D:9)
  7 yaks (D:8)
  The ghost of mitchisshort the Shield-Bearer, an amateur FoFi (D:4)
  3 steam dragons
  3 vampire mosquitoes (D:8)
  A water moccasin (D:8)
  An acid dragon (D:9)
  A swamp drake (D:9)
  3 sky beasts
  2 orc warriors (D:9)
  3 ice beasts (D:6)
  4 necrophages
  3 ogres
  3 centaurs
  2 phantoms
  Blork the orc (D:4)
  3 kobold brigands
  4 scorpions
  5 bullfrogs
  A gnoll sergeant (D:8)
  2 water moccasin zombies
  2 water moccasin skeletons (D:5)
  8 wights
  3 bullfrog zombies
  3 centaur zombies
  2 bullfrog skeletons
  2 orc priests (D:9)
  2 jellies (D:6)
  2 hounds
  Crazy Yiuf (D:3)
  3 gnoll shamans
  3 centaur skeletons
  3 iguanas
  Jessica (D:3)
  10 orc wizards
  3 hound skeletons
  A howler monkey zombie (D:6)
  16 gnolls
  11 adders
  A shadow imp (D:6)
  3 ufetubi
  2 adder skeletons
  4 worms
  5 dart slugs
  25 orcs
  13 endoplasms
  10 giant cockroaches
  3 goblins
  8 hobgoblins
  4 jackals (D:2)
  20 quokkas
  16 ball pythons
  6 bats
  10 frilled lizards
  19 kobolds
  5 rats
  A spectral orc (D:4)
295 creatures vanquished.

Vanquished Creatures (collateral kills)
  2 foxfires (D:1)
2 creatures vanquished.

Vanquished Creatures (others)
  336 foxfires
  2 fungi (D:3)
  5 plants (D:3)
343 creatures vanquished.

Grand Total: 640 creatures vanquished

Notes
Turn   | Place    | Note
-------+----------+-------------------------------------------
     0 | D:1      | Zeld the Deep Elf Fire Elementalist began the quest for the
                  | Orb.
     0 | D:1      | Reached XP level 1. HP: 10/10 MP: 6/6
   410 | D:1      | Reached XP level 2. HP: 15/15 MP: 4/8
   413 | D:1      | Learned a level 2 spell: Scorch
  1050 | D:2      | Found a burning altar of Makhleb.
  1055 | D:2      | Reached XP level 3. HP: 19/19 MP: 7/10
  1753 | D:2      | Found a faded altar of an unknown god.
  2215 | D:3      | Found Hympin's Jewellery Emporium.
  2322 | D:3      | Reached XP level 4. HP: 24/24 MP: 6/12
  2437 | D:3      | Found a glowing drain.
  2480 | Sewer    | Entered a sewer
  3079 | Sewer    | Reached XP level 5. HP: 28/28 MP: 11/13
  3086 | Sewer    | Learned a level 4 spell: Flame Wave
  3283 | Sewer    | Reached skill level 5 in Spellcasting
  3287 | Sewer    | Reached XP level 6. HP: 32/32 MP: 6/16
  3512 | D:3      | Noticed Jessica
  3514 | D:3      | Killed Jessica
  3515 | D:3      | Reached skill level 5 in Fire Magic
  3560 | D:3      | Identified the +9 scale mail "Rugrodd" {rElec}
  3566 | D:3      | Found a sacrificial altar of Ru.
  3693 | D:3      | Found Icalalog's Weapon Boutique.
  4070 | D:3      | Found a runed translucent door.
  4071 | D:3      | Noticed Crazy Yiuf
  4077 | D:3      | Killed Crazy Yiuf
  4400 | D:4      | Found a stormy altar of Qazlal.
  4677 | D:4      | Found a runed translucent door.
  4677 | D:4      | Noticed mitchisshort's ghost (amateur FoFi)
  4777 | D:4      | Found a basalt altar of Yredelemnul.
  4901 | D:4      | Found a burning altar of Makhleb.
  4937 | D:4      | Found a broken altar of Ashenzari.
  4937 | D:4      | Found a bloodstained altar of Trog.
  5014 | D:4      | Noticed Blork the orc
  5037 | D:4      | Reached XP level 7. HP: 36/36 MP: 9/18
  5130 | D:4      | Killed Blork the orc
  5467 | D:4      | Noticed Pikel
  5477 | D:4      | Reached skill level 5 in Stealth
  5517 | D:3      | Killed Pikel
  5518 | D:3      | Reached XP level 8. HP: 38/41 MP: 14/22
  5582 | D:4      | Found a glowing silver altar of Zin.
  5979 | D:4      | Killed mitchisshort's ghost
  6085 | D:5      | Entered Level 5 of the Dungeon
  6091 | D:5      | Found a shimmering blue altar of Sif Muna.
  6333 | D:5      | Reached skill level 5 in Conjurations
  6414 | D:5      | Reached XP level 9. HP: 45/45 MP: 11/24
  6499 | D:5      | Noticed Prince Ribbit
  6502 | D:5      | Killed Prince Ribbit
  6809 | D:5      | Reached skill level 10 in Spellcasting
  6976 | D:5      | Identified the +1 leather armour of Zyx Nijo {+Inv rPois
                  | Dex+2 SInv}
  7276 | D:5      | Noticed Sigmund
  7282 | D:5      | Killed Sigmund
  7318 | D:5      | Found a hazy altar of Hepliaklqana.
  7359 | D:5      | Found a staircase to the Ecumenical Temple.
  7368 | Temple   | Entered the Ecumenical Temple
  7476 | Temple   | Became a worshipper of Vehumet
  7807 | D:6      | Found a shimmering altar of Xom.
  8435 | D:6      | Reached * piety under Vehumet
  8435 | D:6      | Offered knowledge of Shock by Vehumet.
  8732 | D:7      | Reached skill level 10 in Fire Magic
  8732 | D:7      | Reached XP level 10. HP: 50/50 MP: 20/27
  8812 | D:7      | Identified the +4 scale mail of Utesenli {Str+5 Int-4}
  9638 | D:8      | Noticed Maurice
  9652 | D:8      | Killed Maurice
  9817 | D:8      | Noticed Psyche
  9910 | D:8      | Killed Psyche
 10198 | D:8      | Reached ** piety under Vehumet
 10198 | D:8      | Offered knowledge of Searing Ray by Vehumet.
 10452 | D:8      | Noticed a death yak
 10655 | D:8      | Noticed a death yak
 10734 | D:8      | Noticed a death yak
 11210 | D:9      | Found a staircase to the Orcish Mines.
 11453 | D:9      | Offered knowledge of Static Discharge by Vehumet.
 11565 | D:9      | Reached XP level 11. HP: 10/54 MP: 22/29
 12159 | D:9      | Reached skill level 1 in Evocations
 12317 | D:9      | Found a snail-covered altar of Cheibriados.
 12450 | D:10     | Entered Level 10 of the Dungeon
 12541 | D:10     | Reached *** piety under Vehumet
 12786 | D:10     | Reached skill level 1 in Fighting
 12878 | D:10     | Noticed Joseph
 12889 | D:10     | Killed Joseph
 12890 | D:10     | Reached skill level 1 in Long Blades
 13083 | D:10     | Found a hide-covered altar of Uskayaw.
 13532 | D:11     | Noticed an eight-headed hydra
 13837 | D:11     | Noticed a deep elf pyromancer
 13844 | D:11     | Killed a deep elf pyromancer
 13844 | D:11     | Noticed Fannar
 13844 | D:11     | Killed from afar by a gargoyle

Illustrated notes

Levels and vault maps discovered:
D:1:      lemuel_arrival_muddy, layout_basic
D:2:      layout_basic, shapermc_ecumenical_altar_pompeii, basic_altar
D:3:      layout_loops_ring, nicolae_ru_the_path_less_chosen, serial_shops,
          nicolae_shop_behind_doors, nicolae_shop_behind_doors,
          portal_sewer_entry_d, uniq_jessica, uniq_crazy_yiuf_cottage
D:4:      minmay_polygon_palace, layout_basic, general_overflow_altar,
          mainiacjoe_overflow_chevrons, yredelemnul_forgotten_temple_becter,
          old_standard_altar, gammafunk_temple_overflow_elements,
          hellmonk_ghost_happy_afterlife, uniq_pikel, uniq_blork_the_orc
D:5:      layout_rooms, old_standard_altar, worldfamousw_hep_ancestral_shrine,
          minmay_temple_entry_antechambers, minmay_pentangle,
          uniq_prince_ribbit1, uniq_sigmund
D:6:      kennysheep_six_static_rooms, layout_gridville,
          mainiacjoe_overflow_tiny_flanked
D:7:      layout_cave_pods
D:8:      layout_layer_cave, mainiacjoe_overflow_alcove_1, dpeg_lair_monsters,
          amcnicky_mini_pool_small, minmay_door_square, uniq_psyche,
          uniq_maurice
D:9:      layout_basic, slow_altar_2, erik_orc_1, onia_ninara_cookie
D:10:     layout_roguey, nicolae_uskayaw_dance_studio, serial_glass,
          glass_columns_a, glass_columns_b, item_on_display_a, feat_on_display,
          feat_on_display, uniq_joseph
D:11:     layout_basic, minmay_unpleasant_kobolds, uniq_nergalle,
          uniq_josephine, uniq_fannar, uniq_sonja
Temple:   nicolae_temple_figure_zero

Skill      XL: |  1  2  3  4  5  6  7  8  9 10 11 |
---------------+----------------------------------+-----
Spellcasting   | 4 5 6 8 9 11 12 | 12.0
Fire Magic     | 4 5 7 8 10 12 | 12.9
Stealth        | 3 4 5 6 |  6.0
Dodging        | 3 4 |  4.0
Conjurations   | 2 3 4 5 6 8 |  8.9
Evocations     | 1 |  1.9
Fighting       | 1 |  1.4
Long Blades    | 1 |  1.7

Action                   |  1- 3 |  4- 6 |  7- 9 | 10-12 || total
-------------------------+-------+-------+-------+-------++-------
Melee: Unarmed           |     1 |     6 |     5 |     3 ||    15
       Long sword        |       |       |       |     3 ||     3
 Cast: Foxfire           |    72 |   112 |     4 |     8 ||   196
       Scorch            |    15 |    35 |   162 |   138 ||   350
       Flame Wave        |       |       |       |    14 ||    14
Evoke: Wand              |       |       |       |     3 ||     3
  Use: Scroll            |       |       |       |    11 ||    11
 Stab: Sleeping          |     1 |       |       |       ||     1
Armor: Robe              |     1 |     9 |    14 |       ||    24
       Leather armour    |       |       |     7 |    32 ||    39
       Scale mail        |       |       |     5 |       ||     5
Dodge: Dodged            |     6 |    26 |    51 |    66 ||   149
